Map: Cosmic Sapphire

Players

PattyMac

  • Race: Protoss Protoss
  • Spawn Location: 5:00

Lambo - Winner!

  • Race: Zerg Zerg
  • Spawn Location: 11:00

Event: DreamHack SC2 Masters 2022 Atlanta (Offline)

VOD

Have the link to the VOD?

Description

Time

  • Played on: Nov. 18, 2022, 11:03 a.m.
  • Length: 12:41

All games in this series

Show
View Real Time Build Order
Export as new Build Order

PattyMac Protoss 

Build Orders: 1 Gate Expand, Mass Adepts, Zealot Archon 

Get SALT Encoding   

  12  0:00  Probe  
  13  0:12  Probe  
  14  0:20  Pylon  
  14  0:24  Probe (Chrono Boost)  
  15  0:39  Probe (Chrono Boost)  
  15  0:42  Gateway  
  16  0:46  Probe (Chrono Boost)  
  17  0:50  Assimilator  
  17  0:53  Probe  
  18  1:06  Probe  
  19  1:18  Probe  
  20  1:27  Nexus  
  20  1:36  Cybernetics Core  
  20  1:39  Probe  
  21  1:45  Assimilator  
  21  1:51  Probe  
  22  1:54  Pylon  
  22  2:03  Probe (Chrono Boost)  
  23  2:10  Adept (Chrono Boost), Warp Gate (Chrono Boost)  
  26  2:15  Probe (Chrono Boost)  
  26  2:23  Probe (Chrono Boost)  
  26  2:28  Gateway  
  27  2:30  Probe  
  27  2:34  Stalker (Chrono Boost)  
  30  2:40  Probe  
  31  2:44  Probe  
  32  2:52  Probe  
  32  2:57  Probe  
  34  3:04  Probe  
  34  3:05  Adept  
  37  3:06  Gateway  
  37  3:09  Probe  
  38  3:13  Twilight Council  
  38  3:16  Adept  
  38  3:17  Probe  
  41  3:22  Probe  
  41  3:24  Pylon  
  42  3:30  Pylon  
  42  3:32  Probe  
  43  3:38  Probe  
  44  3:45  Probe  
  45  3:52  Adept  
  45  3:55  Resonating Glaives (Chrono Boost)  
  47  3:57  Adept  
  47  3:58  Nexus  
  47  4:02  Adept  
  51  4:04  Probe  
  51  4:07  Probe  
  51  4:09  Pylon  
  53  4:18  Probe  
  53  4:19  Assimilator  
  53  4:21  Assimilator  
  53  4:22  Adept  
  53  4:23  Probe  
  57  4:28  Pylon  
  57  4:30  Probe  
  58  4:35  Adept x2  
  58  4:36  Probe  
  63  4:42  Probe  
  64  4:50  Stargate, Probe  
  64  4:52  Stargate  
  61  4:57  Adept x2  
  61  4:58  Probe  
  66  5:02  Adept  
  68  5:08  Probe, Pylon  
  68  5:12  Probe  
  70  5:18  Adept x2  
  70  5:19  Probe  
  75  5:22  Adept  
  75  5:25  Dark Shrine  
  75  5:26  Probe (Chrono Boost)  
  79  5:30  Probe (Chrono Boost)  
  79  5:31  Probe (Chrono Boost)  
  82  5:39  Adept  
  82  5:41  Adept, Probe (Chrono Boost)  
  82  5:42  Probe x2 (Chrono Boost)  
  88  5:49  Probe  
  74  5:55  Probe  
  65  6:01  Probe  
  65  6:02  Probe  
  65  6:03  Assimilator  
  73  6:06  Void Ray x2 (Chrono Boost)  
  73  6:07  Probe, Assimilator  
  73  6:10  Shield Battery  
  74  6:14  Probe, Gateway  
  74  6:15  Gateway  
  74  6:16  Probe  
  76  6:20  Robotics Facility  
  76  6:21  Probe  
  77  6:26  Adept  
  77  6:30  Pylon  
  77  6:31  Probe x2  
  80  6:33  Probe  
  81  6:40  Dark Templar  
  81  6:41  Dark Templar  
  85  6:48  Dark Templar  
  85  6:53  Nexus  
  88  6:54  Probe  
  88  6:57  Blink (Chrono Boost)  
  88  6:59  Probe  
  89  7:02  Forge  
  89  7:05  Probe, Pylon  
  90  7:08  Probe  
  90  7:11  Probe  
  92  7:19  Probe  
  92  7:20  Probe  
  92  7:23  Dark Templar x3, Probe  
  92  7:26  Gateway  
  97  7:31  Probe  
  97  7:32  Probe  
  97  7:33  Gateway  
  97  7:34  Pylon  
  97  7:35  Probe  
  100  7:38  Photon Cannon  
  100  7:39  Shield Battery  
  100  7:41  Protoss Ground Weapons Level 1 (Chrono Boost)  
  100  7:43  Probe  
  101  7:45  Dark Templar x2, Probe  
  101  7:46  Archon  
  101  7:49  Archon  
  102  7:51  Archon  
  102  7:53  Robotics Bay  
  102  7:55  Pylon  
  102  7:56  Dark Templar  
  104  7:58  Stalker x2  
  104  7:59  Probe  
  104  8:01  Assimilator  
  109  8:07  Observer (Chrono Boost)  
  109  8:08  Probe x2  
  109  8:10  Assimilator  
  112  8:13  Gateway  
  112  8:15  Pylon  
  112  8:22  Dark Templar  
  112  8:23  Stalker x3  
  120  8:28  Probe  
  120  8:29  Probe  
  120  8:30  Robotics Facility  
  120  8:33  Dark Templar  
  124  8:34  Pylon  
  124  8:40  Nexus  
  124  8:42  Archon, Dark Templar  
  124  8:43  Disruptor (Chrono Boost)  
  129  8:50  Stalker  
  129  8:55  Archon  
  131  8:57  Adept x4  
  139  9:06  Shield Battery  
  139  9:09  Disruptor (Chrono Boost)  
  139  9:15  Adept x4  
  146  9:17  Pylon  
  146  9:21  Zealot x3  
  144  9:29  Adept  
  118  9:36  Adept x4  
  118  9:37  Disruptor  
  119  9:38  Probe x2  
  119  9:42  Disruptor  
  124  9:46  Probe  
  124  9:49  Pylon  
  124  9:50  Unknown  
  125  9:53  Dark Templar x4  
  125  9:55  Protoss Ground Weapons Level 2 (Chrono Boost)  
  133  10:03  Archon x2  
  132  10:08  Charge (Chrono Boost)  
  132  10:10  Zealot x2  
  132  10:13  Pylon  
  136  10:20  Photon Cannon  
  131  10:22  Shield Battery, Photon Cannon, Probe  
  131  10:23  Probe x2  
  131  10:24  Probe  
  131  10:26  Dark Templar x3  
  131  10:28  Dark Templar  
  135  10:32  Archon  
  135  10:33  Archon  
  135  10:35  Probe x2  
  137  10:40  Pylon  
  137  10:47  Dark Templar x2  
  137  10:54  Archon  
  137  10:57  Dark Templar  
  137  10:58  Dark Templar  
  129  11:05  Zealot x2, Stalker  
  129  11:06  Zealot  
  114  11:12  Probe  
  114  11:19  Dark Templar x2  
  114  11:22  Probe  
  119  11:26  Archon x2  
  119  11:27  Zealot, Dark Templar  
  119  11:28  Zealot  
  125  11:36  Zealot x2  
  125  11:37  Stalker  
  125  11:48  Dark Templar  
  125  11:57  Stalker x4  
  107  12:08  Zealot x2  
  74  12:33  Zealot  
  74  12:35  Zealot x6  
Show
View Real Time Build Order
Export as new Build Order

Lambo Zerg - Winner!

Build Orders: Hatch First 

Get SALT Encoding   

  12  0:00  Drone  
  13  0:12  Overlord  
  13  0:16  Drone  
  14  0:30  Drone x2  
  16  0:42  Drone  
  17  0:51  Hatchery  
  17  0:54  Drone  
  17  0:57  Drone  
  18  1:09  Extractor  
  17  1:12  Spawning Pool  
  17  1:15  Drone  
  17  1:18  Drone  
  18  1:27  Drone  
  19  1:39  Drone  
  20  1:51  Overlord  
  20  2:00  Queen  
  22  2:03  Queen, Drone  
  22  2:04  Zergling x2  
  22  2:08  Metabolic Boost  
  26  2:14  Zergling x2, Drone  
  28  2:22  Drone  
  29  2:27  Drone  
  30  2:34  Hatchery  
  30  2:35  Drone  
  30  2:37  Drone  
  31  2:45  Queen  
  31  2:48  Drone  
  34  2:51  Overlord  
  34  3:00  Zergling x2  
  34  3:01  Drone  
  36  3:08  Overlord  
  36  3:09  Queen  
  38  3:13  Drone x2  
  38  3:15  Drone x2  
  38  3:16  Drone  
  38  3:19  Drone  
  44  3:27  Drone  
  44  3:28  Queen, Drone  
  44  3:31  Drone  
  49  3:37  Drone  
  49  3:40  Drone  
  51  3:42  Zergling x2  
  51  3:47  Queen  
  54  3:50  Zergling x4  
  56  3:59  Zergling x4  
  56  4:01  Overlord  
  58  4:03  Overlord  
  58  4:08  Overlord  
  58  4:15  Overlord  
  57  4:19  Zergling x4  
  57  4:20  Zergling x2  
  57  4:21  Drone x5  
  65  4:28  Zergling x2  
  65  4:31  Drone x2  
  68  4:33  Drone x3  
  68  4:34  Drone  
  68  4:37  Baneling Nest  
  71  4:41  Zergling x4  
  73  4:49  Drone x6  
  79  4:55  Extractor  
  79  4:56  Drone x4  
  79  4:57  Queen  
  84  5:01  Zergling x6  
  84  5:02  Evolution Chamber  
  84  5:06  Zergling x6  
  89  5:10  Drone, Hatchery  
  89  5:14  Overlord  
  89  5:19  Overlord  
  89  5:20  Baneling x3  
  89  5:21  Baneling x4  
  89  5:30  Overlord  
  89  5:33  Baneling x2  
  89  5:34  Overlord  
  89  5:36  Overlord  
  89  5:39  Drone x3  
  92  5:49  Drone x8  
  90  5:52  Evolution Chamber  
  86  5:57  Drone x5  
  86  5:58  Lair  
  86  5:59  Drone x2  
  86  6:00  Queen x2  
  86  6:01  Drone  
  86  6:02  Drone  
  99  6:07  Extractor  
  99  6:09  Spore Crawler, Extractor  
  99  6:10  Spore Crawler, Zergling x6  
  98  6:14  Zergling x6  
  101  6:18  Extractor  
  101  6:20  Spore Crawler, Zerg Melee Weapons Level 1, Extractor  
  101  6:24  Zergling x6  
  101  6:32  Overlord  
  100  6:33  Zergling x10  
  100  6:35  Queen  
  107  6:43  Drone x2  
  107  6:45  Overlord  
  107  6:46  Overlord  
  109  6:47  Drone x4  
  109  6:53  Drone x2  
  113  6:54  Spore Crawler  
  113  6:55  Zergling x10  
  113  6:56  Evolution Chamber  
  113  6:58  Overseer x2  
  113  7:00  Zergling x2  
  116  7:06  Drone x6  
  116  7:07  Hydralisk Den  
  121  7:13  Zergling x6  
  124  7:17  Drone x4  
  127  7:24  Drone x4  
  127  7:27  Hatchery  
  127  7:28  Drone x2  
  131  7:31  Overlord  
  131  7:34  Overlord  
  131  7:36  Drone  
  132  7:38  Grooved Spines  
  132  7:42  Hydralisk x5  
  140  7:49  Centrifugal Hooks, Zerg Missile Weapons Level 1  
  140  7:50  Drone x2  
  141  7:54  Hydralisk x6  
  141  7:56  Spine Crawler  
  152  8:01  Zergling x2  
  152  8:02  Zergling x6  
  156  8:08  Overlord  
  155  8:13  Overlord  
  155  8:16  Hydralisk x6  
  155  8:18  Overseer  
  167  8:23  Zerg Melee Weapons Level 2  
  167  8:27  Zergling x2, Hydralisk  
  167  8:28  Zergling x10  
  167  8:33  Drone x2  
  177  8:35  Spine Crawler  
  177  8:36  Overlord  
  177  8:39  Zergling x10  
  181  8:41  Baneling x12  
  181  8:45  Zergling x2  
  181  8:46  Baneling  
  181  8:47  Baneling x2  
  182  8:49  Zergling x10  
  182  8:50  Baneling x2  
  182  8:51  Zergling x4  
  182  8:54  Overlord  
  189  8:56  Overlord  
  189  8:58  Overlord  
  189  9:00  Overlord x2  
  189  9:02  Baneling x7  
  181  9:04  Zergling x12  
  181  9:08  Zergling x8  
  191  9:11  Baneling  
  191  9:12  Baneling x5  
  191  9:16  Zergling x10  
  191  9:22  Hydralisk x3  
  175  9:24  Hydralisk  
  175  9:25  Zergling x2  
  175  9:27  Hydralisk  
  175  9:28  Zergling x8  
  155  9:32  Hydralisk x2  
  155  9:36  Zergling x12  
  150  9:39  Drone x3  
  150  9:40  Extractor  
  150  9:45  Zergling x2  
  153  9:47  Overseer  
  153  9:48  Extractor  
  153  9:49  Zergling x10, Muscular Augments  
  153  9:50  Hatchery  
  153  9:52  Baneling x6  
  156  9:54  Zergling x10  
  156  9:59  Drone x3  
  164  10:00  Spine Crawler  
  164  10:03  Baneling x4  
  164  10:06  Zergling x16  
  171  10:07  Overlord  
  171  10:10  Queen  
  171  10:12  Overlord  
  171  10:13  Overlord  
  173  10:15  Overlord  
  173  10:17  Zergling x6  
  175  10:23  Overlord  
  175  10:27  Zergling x14, Infestation Pit  
  179  10:32  Baneling  
  179  10:33  Zergling x10, Baneling x4  
  184  10:38  Drone x3  
  184  10:39  Drone x2  
  184  10:41  Spore Crawler  
  184  10:42  Spine Crawler  
  187  10:44  Hydralisk  
  187  10:45  Hydralisk x3  
  193  10:52  Hydralisk  
  193  10:53  Hydralisk x2  
  193  10:55  Overlord  
  199  10:59  Zergling x2  
  199  11:03  Zergling x2  
  198  11:11  Zergling x12  
  197  11:13  Baneling x19  
  197  11:16  Overlord  
  197  11:18  Overlord  
  200  11:20  Hive  
  200  11:22  Drone x2, Lurker Den  
  196  11:26  Zergling x10  
  195  11:34  Zergling x12, Baneling x6  
  200  11:43  Zergling x2  
  197  11:49  Zergling x4  
  197  11:53  Overlord x2  
  193  11:55  Zergling x20  
  187  12:03  Zergling x26  
  187  12:05  Hydralisk  
  179  12:11  Hydralisk x6  
  172  12:16  Hydralisk x4  
Tags
 
Add a new tag
Caveats
  • Supply blocks, unpowered buildings, or Contaminate may cause inaccurate times.
  • Supply counts are checked every 10 seconds.